 Dungeon Crawl Stone Soup version 0.31-a0-620-gd1cbd99268 (webtiles) character file.

Game seed: 3232717757082996099

74 Crownlay the Poker (level 4, -2/35 HPs)
             Began as a Demonspawn Monk on Aug 23, 2023.
             Slain by an orc
             ... wielding a +0 flail
              (4 damage)
             ... on level 2 of the Dungeon.
             The game lasted 00:01:27 (1294 turns).

Crownlay the Poker (Demonspawn Monk)                Turns: 1294, Time: 00:01:27

Health: -2/35      AC:  5    Str: 13    XL:     4   Next: 9%
Magic:  4/4        EV: 13    Int: 11    God:
Gold:   93         SH:  0    Dex: 16    Spells: 3/3 levels left

rFire   . . .        a - +0 spear
rCold   . . .        d - orb {light}
rNeg    . . .        b - +0 robe
rPois   .            (no helmet)
rElec   .            (no cloak)
rCorr   .            e - +0 pair of gloves
SInv    .            (no boots)
Will    .....        (no amulet)
Stlth   +            (no ring)
HPRegen 0.25/turn    (no ring)
MPRegen 0.09/turn

%: no passive effects
@: glowing
A: yellow scales 1
a: no special abilities


You were on level 2 of the Dungeon.
You visited 1 branch of the dungeon, and saw 3 of its levels.

You collected 93 gold pieces.

Inventory:

Hand Weapons
 a - a +0 spear (weapon)
Armour
 b - a +0 robe (worn)
 d - an orb of light (worn)
 e - a +0 pair of gloves (worn)
Scrolls
 f - 2 scrolls of fog {unknown}
 h - 3 scrolls of identify {unknown}
 i - a scroll of poison {unknown}
 j - 3 scrolls of teleportation {unknown}
Potions
 c - 2 potions of ambrosia
 g - a potion of curing {unknown}
 k - a potion of mutation {unknown}


   Skills:
 - Level 3.0 Fighting
 + Level 4.5 Polearms
 - Level 2.6 Dodging


You had 3 spell levels left.
You didn't know any spells.
Your spell library contained the following spells:

 Spells                   Type           Power      Damage    Failure   Level
 Freeze                   Ice            0%         1d3       34%         1
 Magic Dart               Conj           0%         1d3       34%         1
 Call Imp                 Summ           0%         N/A       47%         2
 Dazzling Flash           Conj/Hex       0%         N/A       71%         3
 Frozen Ramparts          Ice            0%         1d1       71%         3
 Hailstorm                Conj/Ice       0%         3d3       71%         3
 Mephitic Cloud           Conj/Pois/Air  0%         N/A       71%         3
 Agony                    Necr           0%         N/A       100%        5
 Silence                  Hex/Air        0%         N/A       100%        5


Dungeon Overview and Level Annotations

Branches:
Dungeon (3/15)

Altars:
Fedhas


Innate Abilities, Weirdness & Mutations

You are partially covered in yellow scales. (AC +2)


Message History

The orc shouts!
You hear a shout! x2
Found 5 poisoned darts.
There is a stone staircase leading up here.
There are monsters nearby!
There are monsters nearby!
You reach to attack!
You hit the bat but do no damage. The bat barely misses you.
You hit the bat.
You kill the bat! 2 orcs come into view.
The orc shouts! x2
You see here a bat corpse.
You hit the endoplasm.
You kill the endoplasm!
You barely miss the orc. The orc hits you with a +0 flail.
An orc comes into view. It is wielding a +0 club.
The orc shouts!
You hit the orc but do no damage. The orc closely misses you.
The orc hits you with a +0 flail.
You hit the orc but do no damage. The orc hits you with a +0 flail!
The orc hits you but does no damage.
You hit the orc.
The orc is lightly wounded.
The orc closely misses you. The orc hits you with a +0 flail.
You are too injured to fight recklessly!
You are too injured to fight recklessly!
The orc attacks as it pursues you! The orc closely misses you.
There is a stone staircase leading up here.
The orc hits you with a +0 flail!
* * * LOW HITPOINT WARNING * * *
You climb upwards.
There is a stone staircase leading down here.
You hit the orc but do no damage. The orc hits you with a +0 flail.
* * * LOW HITPOINT WARNING * * *
You barely miss the orc. You hit the orc but do no damage.
The orc hits you with a +0 flail.
* * * LOW HITPOINT WARNING * * *
You barely miss the orc. The orc barely misses you.
You hit the orc but do no damage. The orc hits you with a +0 flail.
You die...

#......#####.#
#..........#.#
###..........'.#
#......÷.....###
#(.....#.#...# ######
#......#...### #....#
#......##÷.# #.##.#
#......##.o######.##.#
#......###@##.....##.#####
######## #.##.####...#<..#
####....# #.#####.#
#.....### #...†...#
#.###.# ######### #.....#
#######


You could see an orc.

Vanquished Creatures
  A gnoll (D:1)
  An adder (D:2)
  2 dart slugs (D:1)
  6 endoplasms
  3 giant cockroaches
  3 goblins
  4 hobgoblins (D:1)
  4 jackals (D:2)
  A quokka (D:2)
  6 ball pythons
  4 bats
  4 frilled lizards
  2 kobolds (D:2)
  6 rats
47 creatures vanquished.

Notes
Turn   | Place    | Note
-------+----------+-------------------------------------------
     0 | D:1      | Crownlay the Demonspawn Monk began the quest for the Orb.
     0 | D:1      | Reached XP level 1. HP: 18/18 MP: 1/1
    56 | D:1      | Reached skill level 3 in Polearms
   162 | D:1      | Gained mutation: You are partially covered in yellow
                  | scales. (AC +2) [demonic ancestry]
   162 | D:1      | Reached XP level 2. HP: 13/24 MP: 2/2
   446 | D:1      | Reached XP level 3. HP: 29/29 MP: 3/3
   535 | D:1      | Reached skill level 4 in Polearms
   957 | D:2      | Found a blossoming altar of Fedhas.
  1134 | D:2      | Reached XP level 4. HP: 35/35 MP: 4/4
  1294 | D:2      | Slain by an orc

Illustrated notes

Levels and vault maps discovered:
D:1:      minmay_arrival_loop, layout_basic
D:2:      layout_basic, basic_altar
D:3:      layout_loops_cross

Skill      XL: |  1  2  3 |
---------------+----------+-----
Polearms       | 3 4 |  4.5
Fighting       | |  3.0
Dodging        | |  2.6

Action                     |  1- 3 |  4- 6 || total
---------------------------+-------+-------++-------
  Melee: Spear             |   125 |    18 ||   143
 Armour: Robe              |    30 |     3 ||    33
  Dodge: Dodged            |    51 |     7 ||    58

Table legend: (Time is in decaauts)
 A = Elapsed time spent in this place.
 B = Non-inter-level travel time spent in this place.
 C = Inter-level travel time spent in this place.
 D = Time resting spent in this place.
 E = Time spent auto-exploring this place.
 F = Levels seen in this place.
 G = Mean time per level.
                   A        B        C        D        E       F      G
               +--------+--------+--------+--------+--------+-----+--------+
         Total |   1280 |   1205 |     75 |      0 |    964 |   3 |  426.7 |
       Dungeon |   1280 |   1205 |     75 |      0 |    964 |   3 |  426.7 |
               +--------+--------+--------+--------+--------+-----+--------+

Top non-repeatable levels by time:
     D:1: 867 daAuts
     D:2: 402 daAuts
     D:3: 9 daAuts
